Map: Lightshade LE

Players

TheZergLord

  • Race: Zerg Zerg

Erik - Winner!

  • Race: Zerg Zerg
  • League: Master

Event: DreamHack SC2 Masters 2021 Summer

VOD

Have the link to the VOD?

Description

Time

  • Played on: May 19, 2021, 4:38 p.m.
  • Length: 12:16

All games in this series

Show
View Real Time Build Order
Export as new Build Order

TheZergLord Zerg 

Build Orders: Hatch First 

Get SALT Encoding   

  12  0:00  Drone  
  13  0:12  Overlord  
  13  0:16  Drone  
  14  0:30  Drone x2  
  16  0:47  Hatchery  
  15  0:50  Drone  
  15  0:54  Drone  
  17  0:57  Drone  
  18  1:08  Extractor  
  17  1:12  Spawning Pool  
  17  1:16  Drone  
  17  1:19  Drone  
  18  1:28  Drone  
  19  1:39  Overlord  
  19  1:59  Queen x2  
  19  2:00  Zergling x6  
  26  2:08  Metabolic Boost  
  26  2:11  Drone x2  
  28  2:21  Drone  
  28  2:22  Drone  
  30  2:34  Hatchery  
  29  2:47  Drone x4  
  32  3:05  Zergling x4  
  35  3:11  Overlord x2  
  27  3:36  Zergling x12  
  31  3:46  Zergling x4  
  32  3:49  Roach Warren  
  26  4:03  Queen  
  26  4:05  Overlord  
  28  4:30  Roach x4  
  28  4:31  Roach x3  
  42  4:36  Roach  
  43  4:40  Roach  
  43  4:44  Baneling Nest  
  39  4:55  Ravager  
  39  4:56  Zergling x6  
  36  5:05  Zergling x6  
  36  5:06  Zergling x2  
  40  5:14  Zergling x4  
  40  5:15  Zergling x2  
  43  5:24  Zergling x4  
  45  5:32  Baneling x2  
  44  5:35  Zergling x4  
  44  5:41  Zergling x4  
  47  6:01  Baneling x2  
  45  6:09  Zergling x6  
  45  6:10  Zergling x6  
  51  6:13  Queen  
  51  6:16  Zergling x2  
  54  6:22  Zergling x4  
  55  6:32  Zergling x2  
  41  6:44  Zergling x6  
  41  6:45  Zergling x4  
  37  6:51  Zergling x2  
  32  6:55  Drone  
  33  7:04  Drone x2  
  35  7:13  Drone  
  36  7:19  Drone  
  36  7:22  Drone  
  38  7:29  Drone x4  
  43  7:30  Drone  
  43  7:33  Hatchery, Drone  
  43  7:39  Drone  
  44  7:46  Evolution Chamber  
  44  7:51  Drone x3  
  46  7:54  Drone x2  
  48  8:00  Lair  
  48  8:02  Drone  
  49  8:09  Drone x3  
  49  8:11  Extractor  
  49  8:12  Extractor  
  50  8:17  Roach  
  50  8:18  Roach  
  50  8:19  Roach  
  55  8:27  Roach  
  57  8:28  Overlord  
  56  8:41  Baneling x2  
  53  8:43  Zergling x8  
  53  8:44  Zergling x4  
  53  8:48  Overlord x2  
  58  9:03  Glial Reconstitution  
  58  9:07  Roach x3  
  58  9:08  Zergling x8  
  68  9:20  Roach x3  
  74  9:34  Drone x2  
  75  9:42  Hatchery  
  75  9:43  Zerg Missile Weapons Level 1  
  74  9:48  Overlord  
  74  9:50  Overseer  
  74  9:52  Roach x2  
  78  9:54  Roach  
  78  9:57  Overlord  
  80  10:04  Extractor  
  79  10:12  Spire  
  75  10:21  Roach  
  75  10:22  Roach x3  
  84  10:39  Overlord  
  84  10:41  Roach x6  
  96  10:43  Hatchery  
  95  10:56  Overlord x2  
  94  10:59  Roach x2  
  94  11:00  Roach  
  100  11:07  Roach  
  100  11:08  Roach  
  100  11:09  Ravager x3  
  98  11:24  Roach x3  
  80  11:32  Roach  
  55  11:45  Roach  
  55  11:46  Roach  
Show
View Real Time Build Order
Export as new Build Order

Erik Zerg - Winner!

Build Orders: Hatch First 

Get SALT Encoding   

  12  0:00  Drone  
  13  0:08  Drone  
  14  0:14  Extractor  
  14  0:15  Drone  
  15  0:36  Hatchery  
  15  0:41  Extractor, Drone  
  14  0:57  Spawning Pool  
  14  1:01  Drone  
  14  1:10  Overlord  
  14  1:28  Drone  
  15  1:44  Metabolic Boost  
  15  1:45  Zergling x2  
  15  1:46  Zergling x2  
  17  1:48  Queen  
  17  1:50  Zergling x2  
  20  1:54  Zergling x2  
  20  1:58  Zergling x2  
  22  2:06  Overlord  
  22  2:09  Zergling x2  
  23  2:18  Zergling x2  
  23  2:20  Zergling x2  
  23  2:21  Zergling x2  
  26  2:30  Zergling x2  
  26  2:33  Zergling x2  
  28  2:42  Zergling x4  
  29  2:55  Zergling x4  
  29  2:57  Zergling x6  
  34  3:05  Zergling x2  
  35  3:25  Zergling x8  
  33  3:32  Drone x4  
  31  3:34  Drone  
  31  3:36  Queen  
  32  4:01  Zergling x8  
  34  4:07  Zergling x4  
  36  4:10  Overlord  
  36  4:15  Zergling x2  
  36  4:16  Zergling x2  
  36  4:21  Overlord  
  36  4:30  Zergling x4  
  38  4:39  Zergling x10  
  45  4:52  Zergling x8  
  38  5:03  Spine Crawler x2  
  38  5:04  Zergling x4  
  38  5:05  Spine Crawler  
  35  5:08  Drone  
  36  5:15  Drone  
  36  5:17  Roach Warren  
  36  5:19  Drone  
  37  5:22  Drone  
  37  5:26  Drone  
  31  5:42  Spine Crawler  
  29  5:43  Zergling x6  
  32  5:59  Roach x3  
  32  6:02  Roach  
  35  6:10  Roach  
  37  6:15  Roach  
  39  6:21  Zergling x6  
  39  6:22  Zergling x2  
  40  6:35  Roach  
  40  6:36  Roach  
  35  6:48  Roach  
  35  6:50  Zergling x4  
  37  6:54  Drone x2  
  37  6:57  Queen  
  40  7:04  Zergling x2  
  40  7:05  Zergling x2  
  42  7:13  Evolution Chamber  
  41  7:18  Drone x2  
  41  7:19  Evolution Chamber  
  42  7:26  Drone x2  
  42  7:28  Drone  
  45  7:30  Drone  
  47  7:43  Roach x2  
  51  7:51  Overlord x3  
  50  7:58  Zerg Ground Armor Level 1  
  50  8:12  Zergling x10  
  54  8:21  Zergling x2  
  54  8:22  Zergling x2  
  54  8:23  Evolution Chamber  
  54  8:28  Zergling x2  
  54  8:29  Zergling x10  
  60  8:40  Lair  
  59  8:42  Drone x3  
  59  8:46  Drone  
  63  8:52  Extractor  
  63  8:55  Drone x2  
  64  9:01  Drone  
  64  9:02  Drone  
  60  9:03  Drone x3  
  60  9:04  Drone  
  64  9:14  Drone x2  
  66  9:19  Extractor  
  65  9:25  Drone x3  
  65  9:27  Drone  
  65  9:28  Drone  
  65  9:29  Extractor  
  69  9:40  Hydralisk Den, Overseer  
  68  9:49  Overlord  
  68  9:55  Zerg Missile Weapons Level 1  
  68  9:58  Overlord x3  
  68  9:59  Overlord  
  68  10:02  Drone x2  
  70  10:15  Drone  
  70  10:23  Roach  
  70  10:24  Roach x3  
  70  10:25  Hatchery  
  70  10:28  Muscular Augments  
  75  10:34  Glial Reconstitution  
  75  10:42  Roach x4  
  83  10:54  Roach  
  83  10:55  Roach x4  
  93  11:05  Roach x3  
  93  11:06  Roach  
  93  11:09  Zergling x4  
  105  11:18  Roach x3  
  95  11:28  Zergling x4  
  81  11:35  Roach x4  
  82  11:44  Roach x3  
Tags
 
Add a new tag
Caveats
  • Supply blocks, unpowered buildings, or Contaminate may cause inaccurate times.
  • Supply counts are checked every 10 seconds.